 Dungeon Crawl Stone Soup version 0.19.5 (webtiles) character file.

2478 Lizzreth the Carver (level 9, 0/57 HPs)
             Began as a High Elf Gladiator on Mar 14, 2017.
             Slain by an orc warrior
             ... wielding a +0 halberd
              (20 damage)
             ... in a bailey.
             The game lasted 00:42:26 (6234 turns).

Lizzreth the Carver (High Elf Gladiator)            Turns: 6234, Time: 00:42:27

Health: 0/57       AC: 11    Str: 14    XL:     9   Next: 27%
Magic:  10/10      EV: 19    Int: 10    God:
Gold:   523        SH:  0    Dex: 22    Spells: 0 memorised, 8 levels left

rFire  + . .     SeeInvis +     D - +1 scimitar (curse)
rCold  . . .     Gourm    .     l - +0 robe {rF+}
rNeg   . . .     Faith    .     (no shield)
rPois  .         Spirit   .     c - +1 helmet
rElec  .         Reflect  .     i - +0 cloak
rCorr  .         Harm     .     j - +2 pair of gloves
MR     .....                    q - +2 pair of boots
Stlth  ++........               (no amulet)
                                K - +4 ring of evasion
                                y - ring of see invisible

@: no status effects
A: agile 1, dopey 1
a: no special abilities


You were in a bailey.
You were not hungry.

You visited 1 branch of the dungeon, and saw 7 of its levels.
You also visited: Sewer, Ossuary and Bailey.

You collected 523 gold pieces.

Inventory:

Hand Weapons
 a - a +0 long sword
 D - a cursed +1 scimitar (weapon)
 E - a +0 falchion
Missiles
 d - 3 throwing nets (quivered)
Armour
 b - a +0 leather armour
 c - a +1 helmet (worn)
 i - a +0 cloak (worn)
 j - a +2 pair of gloves (worn)
 l - a +0 robe of fire resistance (worn)
 q - a +2 pair of boots (worn)
 J - the +0 helmet of Summer {Int+6}
   (You found it on level 5 of the Dungeon)

   It affects your intelligence (+6).
Jewellery
 y - a ring of see invisible (left hand)
 K - a +4 ring of evasion (right hand)
Wands
 H - a wand of paralysis (14/24)
Scrolls
 e - 5 scrolls of teleportation
 h - a scroll of random uselessness
 m - 2 scrolls of noise
 n - 2 scrolls of magic mapping
 o - a scroll of amnesia
 u - 3 scrolls of remove curse
 x - a scroll of immolation
 I - a scroll of identify
Potions
 k - a potion of haste
 p - a potion of might
 r - a potion of invisibility {unknown}
 t - 7 potions of curing {unknown}
 v - 7 potions of flight {unknown}
 w - a potion of resistance {unknown}
 A - 3 potions of brilliance
 C - a potion of cancellation {unknown}
 G - 4 potions of heal wounds
 L - a potion of degeneration {unknown}
 M - a potion of beneficial mutation {unknown}
 N - a potion of magic {unknown}
Comestibles
 f - 3 bread rations
 g - 11 fruits
 s - 7 beef jerkies
 z - a royal jelly
 B - 2 slices of pizza
 F - 2 meat rations


   Skills:
 * Level 3.2 Fighting
 - Level 14.0 Long Blades
 - Level 2.0 Throwing
 * Level 4.4 Dodging


You had 8 spell levels left.
You didn't know any spells.

Dungeon Overview and Level Annotations

Branches:
Dungeon (7/15)             Temple (0/1) D:6

Altars:
Gozag
Sif Muna
Trog
Vehumet
Yredelemnul


Innate Abilities, Weirdness & Mutations

You are agile. (Dex +2)
You are dopey. (Int -2)


Message History

You slash the orc warrior!
The orc warrior is heavily wounded.
You slash the orc warrior!
The orc warrior is severely wounded.
The orc warrior misses you.
The orc warrior hits you from afar with a halberd!!
* * * LOW HITPOINT WARNING * * *
You are too injured to fight recklessly!
You are too injured to fight recklessly!
You are too injured to fight recklessly!
You are too injured to fight recklessly!
You are too injured to fight recklessly!
You are too injured to fight recklessly!
The orc warrior closely misses you.
Things that are here:
a trident; a ring mail Why would you want to do that?
Why would you want to do that?
The orc warrior hits you from afar with a halberd!!
You die...

#########+++####
##...........)...
##................
##....o..⌠#######⌠.
#≈..o.#####.....###
#≈..o##....≈≈≈≈≈...
#≈@).#.⌠.≈≈≈...≈≈≈.
#≈...#..≈≈..≈.≈.)≈≈
#≈.)⌠#.≈≈.≈≈≈.≈≈≈)≈
#≈))##.≈.≈≈.....≈≈)
#≈..#.≈≈.≈.≈≈≈≈≈.≈.
#≈..#.≈.≈≈.≈...≈)≈≈
#≈..#.≈.≈.≈≈...≈≈)≈
#≈..#.≈.≈.≈.⌠∩⌠.≈.≈
#≈..#.≈.≈.≈..∩..≈.≈


You could see 3 orc warriors.

Vanquished Creatures
  An ice beast (D:3)
  Purgy (Sewer)
  An orc warrior (Bailey)
  A sky beast (D:5)
  2 ogres
  4 centaurs
  A bullfrog (D:6)
  2 elf zombies (D:6)
  2 water moccasin zombies (Ossuary)
  A scorpion (D:6)
  2 howler monkeys
  9 wights
  A hound (D:6)
  An orc priest (D:6)
  4 orc wizards
  A bullfrog skeleton (D:6)
  2 centaur skeletons
  A human skeleton (D:6)
  Ijyb (D:2)
  6 worker ants
  2 iguanas
  2 mummies (Ossuary)
  Robin (D:4)
  11 adders
  An ooze (D:1)
  5 adder zombies (Ossuary)
  4 worms
  3 dart slugs
  7 leopard geckos
  23 orcs
  5 ball pythons (Sewer)
  8 bats
  10 giant cockroaches
  14 goblins
  5 hobgoblins
  A quokka (D:6)
  11 frilled lizards
  2 gnoll zombies (Ossuary)
  4 hobgoblin zombies (Ossuary)
  3 kobolds
  8 kobold zombies (Ossuary)
  A leopard gecko skeleton (D:4)
  A leopard gecko zombie (D:5)
  2 orc skeletons (D:6)
  8 orc zombies
  9 rats
  A bush (D:6)
196 creatures vanquished.

Vanquished Creatures (others)
  4 plants (D:1)
4 creatures vanquished.

Grand Total: 200 creatures vanquished

Notes
Turn   | Place    | Note
-------+----------+-------------------------------------------
     0 | D:1      | Lizzreth the High Elf Gladiator began the quest for the Orb.
     0 | D:1      | Reached XP level 1. HP: 14/14 MP: 2/2
   133 | D:1      | Reached skill level 4 in Long Blades
   310 | D:1      | Reached XP level 2. HP: 17/19 MP: 3/3
   673 | D:1      | Reached skill level 5 in Long Blades
   713 | D:2      | Reached XP level 3. HP: 22/24 MP: 4/4
   959 | D:2      | Noticed Ijyb
   983 | D:2      | Killed Ijyb
   983 | D:2      | Reached skill level 6 in Long Blades
   983 | D:2      | Reached XP level 4. HP: 24/29 MP: 5/5
  1332 | D:3      | Found a basalt altar of Yredelemnul.
  1388 | D:3      | Found a deep blue altar of Sif Muna.
  1388 | D:3      | Noticed an ice beast
  1398 | D:3      | Killed an ice beast
  1398 | D:3      | Reached skill level 7 in Long Blades
  1398 | D:3      | Reached XP level 5. HP: 22/34 MP: 6/6
  1486 | D:3      | Reached skill level 8 in Long Blades
  1489 | D:3      | Reached XP level 6. HP: 29/39 MP: 7/7
  1718 | D:3      | Found an opulent altar of Gozag.
  1743 | D:3      | Found a radiant altar of Vehumet.
  1746 | D:3      | Found a bloodstained altar of Trog.
  2444 | D:4      | Reached skill level 9 in Long Blades
  2576 | D:4      | Noticed Robin
  2592 | D:4      | Killed Robin
  2801 | D:5      | Entered Level 5 of the Dungeon
  2842 | D:5      | Reached XP level 7. HP: 29/45 MP: 8/8
  3089 | D:5      | Found a glowing drain.
  3124 | D:5      | Reached skill level 10 in Long Blades
  3154 | Sewer    | Entered a sewer
  3279 | Sewer    | Noticed Purgy
  3298 | Sewer    | Killed Purgy
  3584 | D:5      | Gained mutation: You are dopey. (Int -2) [mutagenic meat]
  3585 | D:5      | Gained mutation: You are agile. (Dex +2) [mutagenic meat]
  3638 | D:5      | Reached skill level 11 in Long Blades
  3705 | D:5      | Got a transparent helmet
  3716 | D:5      | Identified the +0 helmet of Summer {Int+6} (You found it on level 5 of the Dungeon)
  4306 | D:6      | Found a staircase to the Ecumenical Temple.
  4312 | D:6      | Reached XP level 8. HP: 50/50 MP: 9/9
  4557 | D:6      | Reached skill level 12 in Long Blades
  4679 | D:6      | Reached skill level 13 in Long Blades
  4696 | D:6      | Found a sand-covered staircase.
  4701 | Ossuary  | Entered an ossuary
  5368 | D:6      | Reached XP level 9. HP: 38/54 MP: 10/10
  5880 | D:7      | Reached skill level 14 in Long Blades
  5893 | D:7      | Found a flagged portal.
  6036 | Bailey   | Entered a bailey
  6234 | Bailey   | Slain by an orc warrior

Skill      XL: |  1  2  3  4  5  6  7  8  9 |
---------------+----------------------------+-----
Long Blades    | 4 5 6 7 8 9 11 13 14 | 14.0
Fighting       | 3 |  3.2
Dodging        | 4 |  4.4
Throwing       | |  2.0

Action                   |  1- 3 |  4- 6 |  7- 9 || total
-------------------------+-------+-------+-------++-------
Melee: Long sword        |   127 |   167 |       ||   294
       Falchion          |       |    20 |   414 ||   434
       Scimitar          |       |       |   140 ||   140
Evoke: Wand              |       |       |     2 ||     2
  Use: Potion            |     3 |       |     3 ||     6
       Scroll            |       |       |    12 ||    12
 Stab: Sleeping          |     2 |     2 |     2 ||     6
       Paralysed         |       |       |     3 ||     3
       Distracted        |       |       |     2 ||     2
  Eat: Chunk             |     1 |     6 |    11 ||    18
       Bread ration      |       |       |     1 ||     1
Armor: Leather armour    |    37 |    48 |    99 ||   184
       Robe              |       |       |    11 ||    11
Dodge: Dodged            |    92 |   117 |   366 ||   575
       Rpst.: Long sword |    27 |    36 |       ||    63
       Falchion          |       |     3 |    73 ||    76
       Scimitar          |       |       |    19 ||    19
